 Dungeon Crawl Stone Soup version 0.28-a0-1545-g945cd3f27e (webtiles) character file.

Game seed: 4247612090511337046

5621 Nattfarinn the Myrmidon (level 10, -2/93 HPs)
             Began as a Hill Orc Fighter on Jan 18, 2022.
             Was an Elder of Okawaru.
             Slain by Erica (6 damage)
             ... on level 8 of the Dungeon.
             The game lasted 00:15:00 (9477 turns).

Nattfarinn the Myrmidon (Hill Orc Fighter)          Turns: 9477, Time: 00:15:03

Health: -2/93      AC: 16    Str: 24    XL:     10   Next: 73%
Magic:  19/19      EV: 11    Int: 10    God:    Okawaru [****..]
Gold:   461        SH:  4    Dex: 10    Spells: 9/9 levels left

rFire   . . .      SeeInvis .   k - +7 whip "Koxewk" {drain, *Noise rC+ Int+2}
rCold   + . .      Faith    .   A - +0 buckler {AC+3}
rNeg    . . .      Spirit   .   b - +0 scale mail
rPois   .          Reflect  .   h - +2 hat
rElec   .          Harm     .   j - +2 cloak
rCorr   .          Rampage  .   n - +0 pair of gloves
Will    +....                   (no boots)
Stlth   ..........              (no amulet)
HPRegen 0.25/turn               e - ring of willpower
MPRegen 0.16/turn               (no ring)

@: slowed, very slow
A: no striking features
a: Renounce Religion, Heroism, Finesse


You were on level 8 of the Dungeon.
You worshipped Okawaru.
Okawaru was greatly pleased with you.
You visited 2 branches of the dungeon, and saw 9 of its levels.

You collected 461 gold pieces.

Inventory:

Hand Weapons
 a - a +0 war axe
 k - the +7 whip "Koxewk" (weapon) {drain, *Noise rC+ Int+2}
   (You found it on level 2 of the Dungeon)

   A truly terrible weapon, it drains the life of any living foe it strikes.
   Int:       It affects your intelligence (+2).
   rC:        It protects you from cold.
   *Noise:    It may make noises in combat.
Missiles
 o - 4 throwing nets (quivered)
Armour
 b - a +0 scale mail (worn)
 h - a +2 hat (worn)
 j - a +2 cloak (worn)
 n - a +0 pair of gloves (worn)
 A - a +0 buckler of protection (worn)
Jewellery
 e - a ring of willpower (left hand)
 r - a ring of fire
Wands
 c - a wand of paralysis (4)
 f - a wand of digging (9)
 s - a wand of mindburst (9)
 x - a wand of flame (15)
 y - a wand of acid (5)
 z - a wand of iceblast (11)
Scrolls
 d - a scroll of silence
 i - a scroll of brand weapon
 l - 2 scrolls of teleportation
 p - a scroll of enchant weapon
 v - a scroll of acquirement {unknown}
Potions
 g - 2 potions of mutation
 m - 2 potions of lignification
 q - a potion of ambrosia {unknown}
 t - 2 potions of might


   Skills:
 - Level 10.1 Fighting
 - Level 2.6(5.2) Axes
 - Level 5.9(6.1) Maces & Flails
 * Level 3.7 Armour
 - Level 5.8 Dodging
 - Level 3.2 Shields
 - Level 12.9 Invocations


You had 9 spell levels left.
You didn't know any spells.
Your spell library contained the following spells:

 Spells                   Type           Power      Damage    Failure   Level
 Apportation              Tloc           0%         N/A       77%         1
 Freeze                   Ice            0%         1d3       77%         1
 Magic Dart               Conj           0%         1d3       77%         1
 Sting                    Tmut/Pois      0%         1d3       77%         1
 Corpse Rot               Necr/Air       0%         N/A       88%         2
 Poisonous Vapours        Pois/Air       0%         N/A       88%         2
 Frozen Ramparts          Ice            0%         1d2       98%         3
 Mephitic Cloud           Conj/Pois/Air  0%         N/A       98%         3
 Hailstorm                Conj/Ice       0%         3d3       100%        4
 Olgreb's Toxic Radiance  Pois           0%         N/A       100%        4
 Alistair's Intoxication  Tmut/Pois      0%         N/A       100%        5
 Orb of Destruction       Conj           0%         9d5       100%        7
 Call Imp                 Summ           Unusable   N/A       N/A         2
 Summon Guardian Golem    Hex/Summ       Unusable   N/A       N/A         3
 Spellforged Servitor     Conj/Summ      Unusable   N/A       N/A         7

Dungeon Overview and Level Annotations

Branches:
Dungeon (8/15)             Temple (1/1) D:5
   Lair: D:8-11

Altars:
Ashenzari
Dithmenos
Elyvilon
Fedhas
Gozag
Hepliaklqana
Kikubaaqudgha
Makhleb
Nemelex Xobeh
Okawaru
Qazlal
Ru
Sif Muna
Trog
Uskayaw
Vehumet
Wu Jian
Xom
Yredelemnul
Zin
The Shining One

Annotations:
D:7 3 runed translucent doors, Gilette's ghost, novice MiFi; raistware's ghost, novice HuDe
D:8 Erica


Message History

You whack something! Something hits you! Something burns you.
Something completely misses you.
You closely miss something. Something hits you but does no damage.
You whack something! Something hits you. Something burns you.
You closely miss something.
You hear some strange, mumbled words.
A bolt of poison appears from out of thin air!
The bolt of poison hits you!
You are poisoned.
You hit something.
You feel very sick. Something hits you. Something burns you.
You closely miss something.
You feel yourself speed up.
You feel very sick. Something hits you but does no damage.
You hear some strange, mumbled words.
You feel yourself slow down.
You closely miss something.
You feel sick. Something hits you but does no damage.
You whack something!
You feel sick.
You hear some strange, mumbled words.
A lance of force appears from out of thin air!
The lance of force hits you but does no damage.
You feel better. Something hits you but does no damage. Something hits you!
* * * LOW HITPOINT WARNING * * *
Something burns you.
* * * LOW HITPOINT WARNING * * *
You barely miss something. Something hits you!
* * * LOW HITPOINT WARNING * * *
Something burns you.
* * * LOW HITPOINT WARNING * * *
As you read the scroll labelled PASIKK ROXKEL, it crumbles to dust.
You feel aware of your surroundings.
It was a scroll of magic mapping.
Something hits you!
* * * LOW HITPOINT WARNING * * *
Something burns you.
* * * LOW HITPOINT WARNING * * *
Something hits you.
You die...

#)......)[)........#...#......
##...#.#..###...#.#............
##......#..# *#.##,#............
##......)#..# #.#*,#....>..##...
#........<..#*##.##.......#####..
#.........................# ####.
............####.####.###.###.###
##..........####.###)............
##.....##......@{..)#*,###.###.#
#....##..........#)#,,.....(...
#.#.###.######.#.#...*#.###.##.
#.#.# #.######.#.#.#.#,......#.
#.#.###.##.........#...##.##...
#.#........###.#.#.#,#.#...#.#.
#..............#.#...#...*...#.
#######.########.#.#.#.#...#.#.
#.# *..,*...##.##...


There were no monsters in sight!

Vanquished Creatures
  A two-headed ogre (D:6)
  A cyclops (D:6)
  A wraith (D:7)
  Eustachio (D:6)
  3 wargs (D:6)
  A water moccasin (D:6)
  3 orc warriors (D:6)
  2 necrophages
  11 ogres (D:6)
  A centaur (D:7)
  2 kobold brigands
  2 bullfrogs
  2 gnoll sergeants (D:6)
  5 scorpions
  A water moccasin zombie (D:6)
  6 killer bees (D:8)
  A wight (D:8)
  5 howler monkeys (D:6)
  4 gnoll shamans
  10 hounds
  A centaur zombie (D:6)
  2 centaur skeletons
  8 orc priests
  2 iguanas
  7 orc wizards
  A killer bee zombie (D:4)
  A howler monkey zombie (D:6)
  Robin (D:2)
  17 gnolls
  2 adders
  A shadow imp (D:5)
  A worm (D:2)
  2 dart slugs
  27 orcs
  4 ball pythons
  5 endoplasms
  4 giant cockroaches
  13 goblins
  7 hobgoblins
  6 quokkas
  2 bats (D:2)
  3 frilled lizards
  4 kobolds
  2 rats
186 creatures vanquished.

Vanquished Creatures (others)
  A bush (D:7)
  A fungus (D:6)
  5 plants (D:6)
7 creatures vanquished.

Grand Total: 193 creatures vanquished

Notes
Turn   | Place    | Note
-------+----------+-------------------------------------------
     0 | D:1      | Nattfarinn the Hill Orc Fighter began the quest for the
                  | Orb.
     0 | D:1      | Reached XP level 1. HP: 19/19 MP: 1/1
   227 | D:1      | Reached skill level 1 in Dodging
   240 | D:1      | Reached XP level 2. HP: 21/26 MP: 2/2
  1032 | D:2      | Reached XP level 3. HP: 30/31 MP: 3/3
  1188 | D:2      | Identified the +7 whip "Koxewk" {drain, *Noise rC+ Int+2}
  1213 | D:2      | Noticed Robin
  1234 | D:2      | Killed Robin
  1236 | D:2      | Reached XP level 4. HP: 28/39 MP: 4/4
  1421 | D:2      | Found a faded altar of an unknown god.
  2217 | D:3      | Found an opulent altar of Gozag.
  2492 | D:4      | Reached XP level 5. HP: 41/45 MP: 5/5
  2710 | D:4      | Found an ornate altar of the Wu Jian Council.
  2728 | D:4      | Reached XP level 6. HP: 51/51 MP: 6/6
  2991 | D:5      | Entered Level 5 of the Dungeon
  3059 | D:5      | Reached skill level 5 in Dodging
  3558 | D:5      | Found a staircase to the Ecumenical Temple.
  3614 | Temple   | Entered the Ecumenical Temple
  3795 | Temple   | Became a worshipper of Warmaster Okawaru
  3833 | D:5      | Reached XP level 7. HP: 57/57 MP: 7/7
  4065 | D:5      | Reached skill level 1 in Maces & Flails
  4545 | D:6      | Reached skill level 5 in Fighting
  4576 | D:6      | Reached * piety under Okawaru
  4581 | D:6      | Noticed a two-headed ogre
  4616 | D:6      | Reached XP level 8. HP: 47/70 MP: 8/8
  4653 | D:6      | Noticed Eustachio
  4675 | D:6      | Killed Eustachio
  5425 | D:6      | Reached skill level 5 in Maces & Flails
  5486 | D:6      | Identified the +1 leather armour of Inaction {Harm rPois}
  5495 | D:6      | Reached ** piety under Okawaru
  5504 | D:6      | Reached XP level 9. HP: 44/83 MP: 9/9
  5746 | D:6      | Found a broken altar of Ashenzari.
  5822 | D:6      | You fall into a shaft and drop 2 floors!
  6031 | D:6      | Reached skill level 10 in Fighting
  6278 | D:6      | Reached skill level 2 in Invocations
  6319 | D:6      | Reached skill level 3 in Invocations
  6509 | D:6      | Reached skill level 4 in Invocations
  6548 | D:6      | Reached *** piety under Okawaru
  6549 | D:6      | Reached skill level 5 in Invocations
  6584 | D:6      | Reached skill level 6 in Invocations
  6654 | D:6      | Reached skill level 7 in Invocations
  6882 | D:6      | Noticed a cyclops
  7111 | D:6      | Killed a cyclops
  7112 | D:6      | Reached skill level 9 in Invocations
  7112 | D:6      | Reached XP level 10. HP: 80/93 MP: 14/16
  7178 | D:6      | Killed a two-headed ogre
  7179 | D:6      | Reached skill level 10 in Invocations
  7218 | D:6      | Reached **** piety under Okawaru
  7301 | D:6      | Reached skill level 11 in Invocations
  7870 | D:7      | Reached skill level 12 in Invocations
  8656 | D:7      | Found a runed translucent gate.
  8656 | D:7      | Found a runed translucent gate.
  8657 | D:7      | Found a runed translucent gate.
  8662 | D:7      | Noticed raistware's ghost (novice HuDe)
  8662 | D:7      | Noticed Gilette's ghost (novice MiFi)
  8784 | D:7      | Found a stormy altar of Qazlal.
  8784 | D:7      | Found a shimmering blue altar of Sif Muna.
  8971 | D:8      | Identified the +9 rapier of Luagizxu {pain, *Corrode rN+++
                  | Str+2 Int-3}
  9448 | D:8      | Noticed Erica
  9477 | D:8      | HP: 4/93 [something (1)]
  9477 | D:8      | Slain by Erica

Illustrated notes

Levels and vault maps discovered:
D:1:      kennysheep_arrival_forest, layout_basic, corexii_leaking_fountain
D:2:      layout_loops_ring, shapermc_ecumenical_altar_petra, uniq_robin
D:3:      layout_basic, grunt_gozag_statues, minivault_26,
          wander_ebering_terrifying_dragon_lair
D:4:      layout_cave_pools, lemuel_crystal_altar
D:5:      layout_loops_corners, temple_doors_e
D:6:      lemuel_castle_with_subvaults [lemuel_castle_interior_carwin_1],
          layout_rooms, mainiacjoe_overflow_24_doors, uniq_eustachio
D:7:      layout_loops_corners, gammafunk_temple_overflow_wave,
          gammafunk_ghost_cemetery, kb_lookout_dungeons_type
D:8:      layout_loops_ring, nicolae_concentric_dashed_squares_mild,
          minivault_27, uniq_erica, uniq_maurice, uniq_joseph
Temple:   regret_index_temple_sphere_string

Skill      XL: |  1  2  3  4  5  6  7  8  9 10 |
---------------+-------------------------------+-----
Dodging        | 1 2 3 4 5 |  5.8
Fighting       | 6 9 10 | 10.1
Maces & Flails | 3 5 |  5.9
Invocations    | 9 12 | 12.9
Axes           | |  2.6
Armour         | |  3.7
Shields        | |  3.2

Action                   |  1- 3 |  4- 6 |  7- 9 | 10-12 || total
-------------------------+-------+-------+-------+-------++-------
Melee: War axe           |    51 |       |       |       ||    51
       Whip              |    21 |   105 |   280 |   194 ||   600
Invok: Heroism           |       |       |     1 |     1 ||     2
  Use: Scroll            |       |     6 |     6 |     2 ||    14
       Potion            |       |       |     7 |     1 ||     8
Armor: Scale mail        |    25 |    41 |    97 |    92 ||   255
Dodge: Dodged            |    25 |    48 |   144 |    84 ||   301
Block: Buckler           |    23 |    29 |    54 |    26 ||   132

Table legend: (Time is in decaauts)
 A = Elapsed time spent in this place.
 B = Non-inter-level travel time spent in this place.
 C = Inter-level travel time spent in this place.
 D = Time resting spent in this place.
 E = Time spent auto-exploring this place.
 F = Levels seen in this place.
 G = Mean time per level.
                   A        B        C        D        E       F      G
               +--------+--------+--------+--------+--------+-----+--------+
         Total |   9469 |   9194 |    275 |   1636 |   6057 |   9 | 1052.1 |
       Dungeon |   9271 |   9053 |    218 |   1636 |   5932 |   8 | 1158.9 |
        Temple |    197 |    140 |     57 |      0 |    125 |   1 |  197.0 |
               +--------+--------+--------+--------+--------+-----+--------+

Top non-repeatable levels by time:
     D:6: 2468 daAuts
     D:5: 1722 daAuts
     D:7: 1304 daAuts
     D:1: 920 daAuts
     D:2: 893 daAuts
     D:3: 688 daAuts
     D:8: 682 daAuts
     D:4: 592 daAuts
  Temple: 197 daAuts
